 Dungeon Crawl Stone Soup version 0.28.0-62-gf88900778d (webtiles) character file.

Game seed: 3406825810633596601

33 cbfl8 the Poker (level 3, 0/27 HPs)
             Began as a Demonspawn Gladiator on Mar 8, 2023.
             Slain by a frilled lizard (2 damage)
             ... on level 1 of the Dungeon.
             The game lasted 00:01:01 (520 turns).

cbfl8 the Poker (Demonspawn Gladiator)               Turns: 520, Time: 00:01:01

Health: 0/27       AC:  6    Str: 16    XL:     3   Next: 12%
Magic:  3/3        EV:  9    Int:  9    God:
Gold:   46         SH:  7    Dex: 14    Spells: 2/2 levels left

rFire   . . .      SeeInvis .   a - +0 trident
rCold   . . .      Faith    .   i - +0 kite shield
rNeg    . . .      Spirit   .   j - +0 ring mail
rPois   .          Reflect  .   c - +0 helmet
rElec   .          Harm     .   (no cloak)
rCorr   .          Rampage  .   (no gloves)
Will    .....                   (no boots)
Stlth   +.........              (no amulet)
HPRegen 0.09/turn               (no ring)
MPRegen 0.08/turn               (no ring)

@: no status effects
A: powered by pain 1
a: no special abilities


You were on level 1 of the Dungeon.
You visited 1 branch of the dungeon, and saw 1 of its levels.

You collected 46 gold pieces.

Inventory:

Hand Weapons
 a - a +0 trident (weapon)
Missiles
 d - 3 throwing nets (quivered)
Armour
 c - a +0 helmet (worn)
 i - a +0 kite shield (worn)
 j - a +0 ring mail (worn)
Scrolls
 b - a scroll of holy word {unknown}
 g - a scroll of magic mapping {unknown}
 h - a scroll of fear {unknown}
Potions
 e - a potion of lignification {unknown}
 f - a potion of haste {unknown}


   Skills:
 * Level 2.1 Fighting
 * Level 3.2 Polearms
 - Level 2.0 Throwing
 * Level 0.3 Armour
 + Level 2.8 Dodging
 * Level 1.0 Evocations


You had 2 spell levels left.
You didn't know any spells.
Your spell library was empty.

Dungeon Overview and Level Annotations

Branches:
Dungeon (1/15)

Altars:


Innate Abilities, Weirdness & Mutations

You sometimes gain a little power by taking damage.


Message History

You are too injured to fight recklessly!
Unknown command.
You are too injured to fight recklessly!
You hit the gnoll.
The gnoll is severely wounded.
The gnoll barely misses you. You block the gnoll's attack.
You hit the gnoll.
The gnoll is severely wounded.
The gnoll hits you but does no damage.
You barely miss the gnoll.
The gnoll is severely wounded.
You block the gnoll's attack.
You hit the gnoll but do no damage.
The gnoll is severely wounded.
The gnoll hits you with a +0 club!
* * * LOW HITPOINT WARNING * * *
You block the gnoll's attack.
You hit the gnoll but do no damage.
The gnoll is severely wounded.
The gnoll hits you but does no damage.
You closely miss the gnoll.
The gnoll is severely wounded.
The gnoll closely misses you.
You puncture the gnoll!
You kill the gnoll!
The kobold hits you but does no damage.
You have reached level 3!
Your experience leads to an increase in your attributes!
Increase (S)trength, (I)ntelligence, or (D)exterity?
You feel stronger. x2
You hit the kobold.
You kill the kobold!
The goblin hits you with a +0 club.
* * * LOW HITPOINT WARNING * * *
You puncture the goblin!
You kill the goblin!
The frilled lizard closely misses you.
Your Evocations skill increases to level 1!
You miss the frilled lizard. The frilled lizard bites you.
You die...

#.......#
#...>....†.
#.......
#.##.....).
.......
#.......... .....
###........ ....
####........ #..#
#........... #).#
#.###.##...# #l#
#.###..'.... #@#
#.....##....
#.#########.####..
#.........#.# ###
#########.#.#
#.#####.#.#
#####...†...#.#
#......######.#
#......# #.#
#......######.#


You could see a frilled lizard.

Vanquished Creatures
  A gnoll (D:1)
  2 dart slugs (D:1)
  An endoplasm (D:1)
  3 giant cockroaches (D:1)
  A hobgoblin (D:1)
  A quokka (D:1)
  3 ball pythons (D:1)
  A frilled lizard (D:1)
  3 goblins (D:1)
  2 kobolds (D:1)
  2 rats (D:1)
20 creatures vanquished.

Notes
Turn   | Place    | Note
-------+----------+-------------------------------------------
     0 | D:1      | cbfl8 the Demonspawn Gladiator began the quest for the Orb.
     0 | D:1      | Reached XP level 1. HP: 16/16 MP: 1/1
   229 | D:1      | Gained mutation: You sometimes gain a little power by
                  | taking damage. [demonic ancestry]
   229 | D:1      | Reached XP level 2. HP: 22/22 MP: 2/2
   333 | D:1      | Reached skill level 3 in Polearms
   518 | D:1      | Reached XP level 3. HP: 4/27 MP: 3/3
   520 | D:1      | Reached skill level 1 in Evocations
   520 | D:1      | Slain by a frilled lizard

Illustrated notes

Levels and vault maps discovered:
D:1:      psy_arrival_terrarium, layout_basic

Skill      XL: |  1  2  3 |
---------------+----------+-----
Throwing       | 2 |  2.0
Polearms       | 3 |  3.2
Evocations     | 1 |  1.0
Fighting       | |  2.1
Armour         | |  0.3
Dodging        | |  2.8

Action                   || total
-------------------------++-------
Melee: Trident           ||    59
Armor: Leather armour    ||     2
       Ring mail         ||    17
Dodge: Dodged            ||    25
Block: Kite shield       ||    16
